 Dungeon Crawl Stone Soup version 0.28.0 (webtiles) character file.

Game seed: 5453343572326910232

917 Host24 the Quickloader (level 8, -11/51 HPs)
             Began as a Kobold Hunter on Feb 19, 2022.
             Killed from afar by a steam dragon (14 damage)
             ... with a ball of steam
             ... on level 5 of the Dungeon.
             The game lasted 00:09:01 (4958 turns).

Host24 the Quickloader (Kobold Hunter)              Turns: 4958, Time: 00:09:02

Health: -11/51     AC:  6    Str: 17    XL:     8   Next: 31%
Magic:  8/8        EV: 15    Int: 13    God:
Gold:   291        SH:  0    Dex: 15    Spells: 7/7 levels left

rFire   . . .      SeeInvis .   a - +1 hand crossbow
rCold   . . .      Faith    .   (no shield)
rNeg    . . .      Spirit   .   A - +0 leather armour {rPois}
rPois   +          Reflect  .   l - +0 helmet
rElec   .          Harm     .   (no cloak)
rCorr   .          Rampage  .   (no gloves)
Will    .....                   w - +1 pair of boots
Stlth   +++.......              (no amulet)
HPRegen 0.17/turn               o - +6 ring of strength
MPRegen 0.11/turn               s - ring of flight

@: flying
A: small, no large weapons, nightstalker 3
a: no special abilities


You were on level 5 of the Dungeon.
You visited 1 branch of the dungeon, and saw 5 of its levels.

You collected 291 gold pieces.

Inventory:

Hand Weapons
 a - a +1 hand crossbow (weapon)
 k - a +2 dagger of venom
 t - the +9 short sword "Riegg" {freeze, rF+ rN++ Will+}
   (You found it on level 2 of the Dungeon)

   It freezes those it strikes, dealing additional cold damage.
   It can also slow down cold-blooded creatures.
   rF:        It protects you from fire.
   rN:        It greatly protects you from negative energy.
   Will:      It increases your willpower.
Missiles
 d - 12 bolts (quivered ammo)
 j - 159 stones
 v - 53 sling bullets
 y - 5 large rocks
 E - 16 arrows
Armour
 l - a +0 helmet (worn)
 w - a +1 pair of boots (worn)
 A - a +0 leather armour of poison resistance (worn)
Jewellery
 o - a +6 ring of strength (left hand)
 s - a ring of flight (right hand)
Scrolls
 b - 2 scrolls of fear {unknown}
 e - a scroll of enchant weapon {unknown}
 f - 4 scrolls of amnesia {unknown}
 i - a scroll of immolation {unknown}
 n - a scroll of holy word {unknown}
 p - 6 scrolls of identify {unknown}
 q - a scroll of summoning {unknown}
 u - a scroll of noise {unknown}
 x - a scroll of magic mapping {unknown}
 z - a scroll of teleportation {unknown}
 D - a scroll of vulnerability {unknown}
Potions
 c - a potion of resistance {unknown}
 g - a potion of brilliance {unknown}
 h - 2 potions of curing
 m - a potion of attraction {unknown}
 r - 3 potions of lignification {unknown}
 B - a potion of degeneration {unknown}
 C - a potion of mutation {unknown}


   Skills:
 - Level 6.0 Fighting
 + Level 9.8 Crossbows
 - Level 3.2 Dodging
 - Level 1.3 Stealth


You had 7 spell levels left.
You didn't know any spells.
Your spell library contained the following spells:

 Spells                   Type           Power      Damage    Failure   Level
 Sting                    Tmut/Pois      0%         1d3       36%         1
 Poisonous Vapours        Pois/Air       0%         N/A       50%         2
 Tukima's Dance           Hex            0%         N/A       75%         3
 Olgreb's Toxic Radiance  Pois           0%         N/A       98%         4
 Passage of Golubria      Tloc           0%         N/A       98%         4
 Summon Lightning Spire   Summ/Air       0%         N/A       98%         4
 Yara's Violent Unravell  Hex/Tmut       0%         3d3       100%        5
 Storm Form               Tmut/Air       0%         N/A       100%        7
 Maxwell's Capacitive Co  Air            0%         ∞         100%        8


Dungeon Overview and Level Annotations

Branches:
Dungeon (5/15)
 Temple: D:4-7

Altars:

Shops:
D:3 *

Annotations:
D:5 Blork the orc


Innate Abilities, Weirdness & Mutations

You are small and have problems with some larger weapons.
You are completely attuned to the shadows.


Message History

The bolt hits the steam dragon but does no damage.
The steam dragon is lightly wounded.
The steam dragon barely misses you. The steam dragon closely misses you.
The steam dragon closely misses you.
The steam dragon claws you but does no damage.
Fire: 15 bolts
Press: ? - help, Q - select action, (/) - cycle Shift-Dir - straight line, f/p - steam dragon
Aim: a steam dragon (lightly wounded, 70% to hit)
You shoot a bolt.
The bolt closely misses the steam dragon.
The bolt hits the orc but does no damage.
The steam dragon barely misses you. The steam dragon misses you.
Fire: 14 bolts
Press: ? - help, Q - select action, (/) - cycle Shift-Dir - straight line, f/p - steam dragon
Aim: a steam dragon (lightly wounded, 70% to hit)
You shoot a bolt. The bolt hits the steam dragon.
The steam dragon is lightly wounded.
The steam dragon misses you. x2; The orc misses you.
Fire: 13 bolts
Press: ? - help, Q - select action, (/) - cycle Shift-Dir - straight line, f/p - steam dragon
Aim: a steam dragon (lightly wounded, 70% to hit)
You shoot a bolt. The bolt hits the steam dragon.
The steam dragon is lightly wounded.
The steam dragon bites you! The steam dragon closely misses you.
The orc hits you with a +0 whip. The steam dragon breathes steam at you.
The ball of steam hits you!
* * * LOW HITPOINT WARNING * * *
It was a potion of curing.
You feel better.
There is a stone staircase leading up here.
The steam dragon breathes steam at you.
The ball of steam hits the orc!!
The orc dies!
The ball of steam hits you!
* * * LOW HITPOINT WARNING * * *
The steam dragon breathes steam at you. The ball of steam misses you.
The steam dragon breathes steam at you. The ball of steam hits you!
You die...

.....(.....###.##...
$....(####. ###.#.#'
......#..# ##...###.
....#....###..###...
....#..D..##....##..
<#.##.###.###.>..+..
#..##...##.#####.
###.§D§....#÷.## #.
#.@§§.##.......# ##
#...#.......#..###.
#........####)..#..
##..#.......#..###.
####.......##.###.
####....>......
##..##....#.
#...........
###..#.....#


You could see a steam dragon (catching breath).

Vanquished Creatures
  A centaur (D:5)
  An ogre (D:5)
  3 scorpions (D:5)
  A wyvern skeleton (D:5)
  A howler monkey (D:4)
  2 hounds
  2 orc priests
  2 bullfrog skeletons
  A centaur skeleton (D:5)
  3 iguanas
  An orc wizard (D:4)
  A hound skeleton (D:4)
  Robin (D:3)
  6 adders
  A worm (D:2)
  4 dart slugs
  14 orcs
  7 endoplasms
  3 giant cockroaches
  14 goblins
  10 hobgoblins
  4 jackals
  5 kobolds
  2 quokkas
  5 ball pythons
  8 bats
  A frilled lizard (D:3)
  2 rats
106 creatures vanquished.

Vanquished Creatures (others)
  2 orcs (D:5)
2 creatures vanquished.

Grand Total: 108 creatures vanquished

Notes
Turn   | Place    | Note
-------+----------+-------------------------------------------
     0 | D:1      | Host24 the Kobold Hunter began the quest for the Orb.
     0 | D:1      | Reached XP level 1. HP: 12/12 MP: 1/1
    81 | D:1      | Reached skill level 5 in Crossbows
   424 | D:1      | Reached XP level 2. HP: 17/17 MP: 2/2
   436 | D:1      | Found a faded altar of an unknown god.
  1495 | D:2      | Reached XP level 3. HP: 23/23 MP: 3/3
  1934 | D:2      | Identified the +9 short sword "Riegg" {freeze, rF+ rN++
                  | Will+}
  2156 | D:3      | Reached XP level 4. HP: 29/29 MP: 4/4
  2390 | D:3      | Found Meuduhach's Assorted Antiques.
  2467 | D:3      | Noticed Robin
  2487 | D:3      | Reached XP level 5. HP: 34/34 MP: 5/5
  2500 | D:3      | Killed Robin
  2501 | D:3      | Reached skill level 5 in Fighting
  2890 | D:4      | Reached XP level 6. HP: 19/41 MP: 6/6
  3846 | D:4      | Reached skill level 6 in Crossbows
  4016 | D:5      | Entered Level 5 of the Dungeon
  4057 | D:5      | Reached XP level 7. HP: 46/46 MP: 7/7
  4115 | D:5      | Reached skill level 7 in Crossbows
  4227 | D:5      | Reached skill level 8 in Crossbows
  4296 | D:5      | Noticed a steam dragon
  4383 | D:5      | Noticed Blork the orc
  4597 | D:5      | Reached XP level 8. HP: 51/51 MP: 8/8
  4622 | D:5      | Reached skill level 9 in Crossbows
  4947 | D:5      | HP: 1/51 [steam dragon/ball of steam (14)]
  4958 | D:5      | Killed from afar by a steam dragon

Illustrated notes

Levels and vault maps discovered:
D:1:      minmay_arrival_plants_in_alcoves, layout_basic,
          ebering_ecumenical_altar_sacrificial, columned_hall_lemuel,
          chequers_mini_garden, dk_noncrumbling_3
D:2:      layout_rooms
D:3:      layout_basic, serial_shops, shop_fountains, saegor_snake_ambush,
          uniq_robin
D:4:      layout_basic, grunt_tough_drop
D:5:      nicolae_cairo_tiling_very_big, layout_cave_pools, uniq_blork_the_orc

Skill      XL: |  1  2  3  4  5  6  7  8 |
---------------+-------------------------+-----
Crossbows      | 5 6 8 9 |  9.8
Fighting       | 3 4 6 |  6.0
Dodging        | 3 |  3.2
Stealth        | |  1.3

Action                   |  1- 3 |  4- 6 |  7- 9 || total
-------------------------+-------+-------+-------++-------
Melee: Short sword       |    30 |   116 |    46 ||   192
       Dagger            |    43 |       |       ||    43
       Punch             |     1 |     1 |     2 ||     4
 Fire: Hand crossbow     |     5 |       |    17 ||    22
  Use: Potion            |       |       |     1 ||     1
 Stab: Sleeping          |     8 |    12 |     3 ||    23
Armor: Leather armour    |    16 |    29 |    25 ||    70
Dodge: Dodged            |    66 |    65 |    69 ||   200
